 Dungeon Crawl Stone Soup version 0.24-a0-535-gbb0d440638 (webtiles) character file.

Game seed: 8114345840067036277

45836 Amnesiac the Covert (level 14, -1/68 HPs)
             Began as a Deep Elf Enchanter on Aug 10, 2019.
             Was an Initiate of Gozag.
             Slain by a sixfirhy (4 damage)
             ... on level 2 of the Abyss.
             The game lasted 01:07:12 (20403 turns).

Amnesiac the Covert (Deep Elf Enchanter)           Turns: 20403, Time: 01:07:12

Health: -1/68      AC: 16    Str:  5    XL:     14   Next: 2%
Magic:  17/41      EV: 24    Int: 29    God:    Gozag
Gold:   2035       SH:  6    Dex: 19    Spells: 10/38 levels left

rFire    + . .     SeeInvis .   a - +4 dagger (elec)
rCold    + . .     Gourm    .   J - +0 buckler
rNeg     . . .     Faith    .   z - +2 robe {Archmagi}
rPois    +         Spirit   .   P - +2 hat
rElec    +         Reflect  .   (no cloak)
rCorr    +         Harm     .   r - +0 pair of gloves
MR       +....                  t - +2 pair of boots
Stlth    ++++++....             q - amulet of magic regeneration
HPRegen  0.21/turn              l - +6 ring of protection
MPRegen  0.52/turn              g - ring of magical power

@: brilliant, resistant, gold aura, berserk cooldown, hasted, very quick
A: clever 1, frail 1
a: Potion Petition, Call Merchant, Bribe Branch, Renounce Religion


You were on level 2 of the Abyss.
You worshipped Gozag.
Gozag was most pleased with you.
You were full.

You visited 2 branches of the dungeon, and saw 17 of its levels.
You visited the Abyss 1 time.

You collected 5450 gold pieces.
You spent 2776 gold pieces at shops.
You paid 639 gold pieces to Gozag.

Inventory:

Hand Weapons
 a - a +4 dagger of electrocution (weapon)
 U - the +9 sword of Zonguldrok {reap}
   (You found it on level 14 of the Dungeon)

   If a monster killed with it leaves a corpse in good enough shape, the corpse
   will be animated as a zombie friendly to the killer.
Missiles
 D - a throwing net (quivered)
Armour
 n - a scarf of spirit shield
 r - a +0 pair of gloves (worn)
 t - a +2 pair of boots (worn)
 z - a +2 robe of the Archmagi (worn)
 J - a +0 buckler (worn)
 P - a +2 hat (worn)
 Q - a +1 robe of resistance
 R - a scarf of resistance
Magical Staves
 m - an uncursed staff of air
 T - an uncursed staff of wizardry
Jewellery
 b - an uncursed ring of wizardry
 c - an uncursed ring of resist corrosion
 g - a ring of magical power (right hand)
 l - a +6 ring of protection (left hand)
 q - an amulet of magic regeneration (around neck)
 N - an uncursed amulet of guardian spirit
 O - an uncursed ring of see invisible
 Y - an uncursed amulet of rage
Wands
 u - a wand of paralysis (10)
 y - a wand of enslavement (9)
 B - a wand of digging (6)
 M - a wand of clouds (6)
 X - a wand of iceblast (6)
Scrolls
 i - 12 scrolls of teleportation
 j - 6 scrolls of identify
 s - 2 scrolls of fog
 C - 2 scrolls of fear
 E - a scroll of brand weapon
 F - 3 scrolls of vulnerability
 H - 3 scrolls of amnesia
 I - a scroll of torment
 K - a scroll of summoning
 L - 2 scrolls of remove curse
 V - a scroll of silence
Potions
 e - 2 potions of haste
 h - a potion of ambrosia
 k - 7 potions of curing
 o - 3 potions of lignification
 p - 2 potions of mutation
 v - 2 potions of resistance
 w - 2 potions of cancellation
 x - a potion of magic
 A - 4 potions of flight
 G - 2 potions of agility
 W - 2 potions of brilliance
 Z - a potion of heal wounds
Comestibles
 d - 8 rations


   Skills:
 + Level 4.6 Fighting
 - Level 8.0 Short Blades
 - Level 14.0 Dodging
 + Level 14.3 Stealth
 - Level 4.1 Shields
 * Level 12.7 Spellcasting
 * Level 12.8 Hexes
 - Level 5.0 Necromancy
 - Level 5.1 Earth Magic


You had 10 spell levels left.
You knew the following spells:

 Your Spells              Type           Power        Failure   Level  Hunger
a - Ensorcelled Hibernat  Hex/Ice        ######       1%          2    None
b - Blink                 Tloc           N/A          1%          2    None
c - Mephitic Cloud        Conj/Pois/Air  ######..     1%          3    None
d - Dazzling Spray        Conj/Hex       ######       1%          3    None
e - Confuse               Hex            ########     1%          3    None
f - Call Imp              Summ           ######..     1%          2    None
g - Apportation           Tloc           ######       1%          1    None
h - Borgnjor's Vile Clut  Necr/Erth      #######...   1%          5    ##.....
s - Conjure Flame         Conj/Fire      ######..     1%          3    None
w - Tukima's Dance        Hex            ########     1%          3    None
z - Confusing Touch       Hex            ######       0%          1    None

Your spell library contained the following spells:

 Spells                   Type           Power        Failure   Level  Hunger
 Corona                   Hex            #######      0%          1    None
 Slow                     Hex            ########     0%          2    None
 Animate Skeleton         Necr           N/A          1%          1    None
 Magic Dart               Conj           ####         1%          1    None
 Summon Small Mammal      Summ           ####         1%          1    None
 Summon Guardian Golem    Hex/Summ       #######.     1%          3    None
 Silence                  Hex/Air        #######...   1%          5    ##.....
 Darkness                 Hex            ########..   1%          6    ####...
 Summon Ice Beast         Ice/Summ       ######..     3%          4    None
 Shadow Creatures         Summ           N/A          38%         6    ####...
 Malign Gateway           Summ/Tloc      ######....   86%         7    ######.


Dungeon Overview and Level Annotations

Branches:
Dungeon (15/15)            Temple (0/1) D:7            Lair (0/6) D:11
    Orc (2/2) D:12            Elf (0/3) Orc:2        Vaults (0/5) D:13
 Depths (0/5) D:15

Altars:
Ashenzari
Elyvilon
Fedhas
Gozag
Nemelex Xobeh
Sif Muna
Trog
Vehumet
Xom
Yredelemnul
Beogh

Shops:
D:5 %:[   D:9 ?   Orc:2 [([%


Innate Abilities, Weirdness & Mutations

Your mind is acute. (Int +2)
You are frail. (-10% HP)


Message History

Aiming: Confuse (safe; 1% risk of failure)
Press: ? - help, Shift-Dir - straight line, f/p - sixfirhy
Aim: a sixfirhy (chance to defeat MR: 53%)
You feel a surge of power!
The sixfirhy resists with significant effort.
The sixfirhy hits you but does no damage. x2
You block the sixfirhy's attack. The ynoxinul completely misses you.
The sixfirhy hits you. The sixfirhy shocks you!
* * * LOW HITPOINT WARNING * * *
[a] - 510 gold - haste, brilliance and flight [b] - 528 gold - haste, resistance and brilliance [c] - 364 gold - haste and agility Purchase which effect?
You feel yourself speed up.
You feel protected.
You feel clever all of a sudden. The sixfirhy hits you!
* * * LOW HITPOINT WARNING * * *
The sixfirhy shocks you. You resist.
You die...
Your body crumbles into a pile of gold.

.#.#.## . #... .##
........
##(###.#..
.......##.§.#.....
# ....e §§. ....##
#.........§.....#
#.#..#.§3§X ...##
# #. ##.##.3......
#.. #..3##.###..
#.#..#.#@3.# .
......#...##[...#
. . .###..#. ...
.. ...#... . .#
#....#.## ..... ..
#.##.# .# ## .. .#


You could see a sixfirhy and a ynoxinul.

Vanquished Creatures
  A caustic shrike zombie (D:15)
  An ettin (Orc:1)
  2 hydras
  A vault guard (D:13)
  A centaur warrior (D:13)
  A catoblepas (D:14)
  2 two-headed ogres
  3 death yaks
  A death knight (D:13)
  4 tengu warriors
  A vampire mage (D:15)
  8 orc high priests (Orc:2)
  A wretched star (Abyss:2)
  2 skeletal warriors (D:15)
  A flayed ghost (D:15)
  A tengu zombie (D:15)
  An iron dragon zombie (D:15)
  A necromancer (D:15)
  2 orc sorcerers (Orc:2)
  An ugly thing (D:13)
  2 statues (D:13)
  2 manticores
  2 deep elf magi
  2 worldbinders (Abyss:2)
  5 cyclopes
  4 centaur skeletons
  4 gargoyles
  A yaktaur zombie (D:15)
  A freezing wraith (D:12)
  A komodo dragon (D:13)
  A redback zombie (D:15)
  An ancient zyme (Abyss:2)
  2 tengu conjurers
  6 trolls
  A hornet (D:15)
  A raiju (shapeshifter) (D:15)
  5 hippogriffs
  A vampire (D:13)
  2 wraiths
  A small abomination (Abyss:2)
  3 wyverns
  Eustachio (D:5)
  A basilisk (D:15)
  3 hungry ghosts
  2 vampire mosquitoes (D:13)
  3 wargs
  Edmund (D:5)
  2 soldier ants
  An acid dragon (D:15)
  Duvessa (D:7)
  10 orc warriors
  A water moccasin (D:11)
  2 porcupines (D:11)
  3 phantoms
  An ice beast (D:10)
  A black bear (D:13)
  4 eyes of draining
  4 sky beasts
  10 ogres
  A necrophage (D:15)
  3 boggarts (D:15)
  15 centaurs
  A crocodile (D:15)
  2 big kobolds
  The ghost of euphoricsektor the Sneak, an amateur SpAs (D:3)
  9 bullfrogs
  A gnoll sergeant (D:8)
  Dowan (D:7)
  5 scorpions
  19 killer bees
  8 wights
  5 howler monkeys
  4 jellies
  9 crimson imps
  5 bullfrog zombies
  2 centaur zombies
  5 hounds
  18 orc wizards
  34 orc priests
  A gnoll shaman (D:8)
  4 bullfrog skeletons
  Ijyb (D:5)
  4 iguanas
  Terence (D:3)
  8 worker ants
  A hound zombie (D:5)
  3 hound skeletons
  12 gnolls
  10 adders
  2 shadow imps
  An adder skeleton (D:6)
  2 worms (D:3)
  3 dart slugs
  6 leopard geckos
  77 orcs
  3 ball pythons
  5 giant cockroaches
  6 goblins
  3 hobgoblins
  7 jackals
  7 quokkas
  7 bats
  8 frilled lizards
  A jackal zombie (D:7)
  13 kobolds
  A quokka skeleton (D:8)
  11 rats
  4 bushes (D:13)
495 creatures vanquished.

Vanquished Creatures (collateral kills)
  A killer bee (D:11)
1 creature vanquished.

Vanquished Creatures (others)
  A dancing weapon (D:5)
  2 starspawn tentacles (Abyss:2)
  5 toadstools (D:7)
8 creatures vanquished.

Grand Total: 504 creatures vanquished

Notes
Turn   | Place    | Note
-------+----------+-------------------------------------------
     0 | D:1      | Amnesiac the Deep Elf Enchanter began the quest for the
                  | Orb.
     0 | D:1      | Reached XP level 1. HP: 10/10 MP: 6/6
   469 | D:2      | Reached XP level 2. HP: 15/15 MP: 8/8
   473 | D:2      | Learned a level 2 spell: Ensorcelled Hibernation
   707 | D:3      | Noticed Terence
  1145 | D:3      | Reached XP level 3. HP: 19/19 MP: 10/10
  1150 | D:3      | Learned a level 3 spell: Confuse
  1206 | D:3      | Reached XP level 4. HP: 24/24 MP: 12/12
  1268 | D:2      | Found a basalt altar of Yredelemnul.
  1684 | D:3      | Reached XP level 5. HP: 21/28 MP: 14/14
  1777 | D:3      | Reached skill level 5 in Stealth
  1777 | D:3      | Reached skill level 5 in Spellcasting
  1777 | D:3      | Reached skill level 5 in Hexes
  1896 | D:3      | Learned a level 3 spell: Dazzling Spray
  1900 | D:3      | Learned a level 3 spell: Tukima's Dance
  1926 | D:4      | Found a shattered altar of Ashenzari.
  2523 | D:4      | Reached XP level 6. HP: 27/32 MP: 15/16
  2906 | D:4      | Found a white marble altar of Elyvilon.
  3023 | D:5      | Entered Level 5 of the Dungeon
  3220 | D:5      | Noticed Eustachio
  3251 | D:5      | Noticed Ijyb
  3270 | D:5      | Killed Ijyb
  3447 | D:5      | Killed Eustachio
  3447 | D:5      | Reached XP level 7. HP: 33/36 MP: 18/18
  3464 | D:5      | Found Ogunk's Book Emporium.
  3471 | D:5      | Noticed Edmund
  3492 | D:5      | Killed Edmund
  3737 | D:5      | Found Panany's Food Boutique.
  3942 | D:5      | Found Hittoamut's Antique Armour Boutique.
  3950 | D:5      | Bought a pair of glowing boots for 150 gold pieces
  4171 | D:6      | Found a shimmering blue altar of Sif Muna.
  4261 | D:6      | Reached XP level 8. HP: 41/41 MP: 20/20
  4265 | D:6      | Found an opulent altar of Gozag.
  5007 | D:6      | Became a worshipper of Gozag Ym Sagoz the Greedy
  5677 | D:2      | Gained mutation: You are frail. (-10% HP) [potion of
                  | mutation]
  5677 | D:2      | Gained mutation: Your mind is acute. (Int +2) [potion of
                  | mutation]
  6050 | D:2      | Found a bloodstained altar of Trog.
  6264 | D:3      | Killed Terence
  6355 | D:3      | Found a runed translucent gate.
  6356 | D:3      | Found a runed translucent gate.
  6356 | D:3      | Found a runed translucent gate.
  6357 | D:3      | Noticed euphoricsektor's ghost (amateur SpAs)
  6378 | D:3      | Killed euphoricsektor's ghost
  6942 | D:7      | Noticed Duvessa
  6964 | D:7      | Reached skill level 5 in Short Blades
  6965 | D:7      | Noticed Dowan
  6968 | D:7      | Killed Duvessa
  6976 | D:7      | Killed Dowan
  7094 | D:5      | Bought an embroidered robe for 74 gold pieces
  7094 | D:5      | Bought a glowing robe for 74 gold pieces
  7202 | D:7      | Found a shimmering blue altar of Sif Muna.
  7203 | D:7      | Found a blossoming altar of Fedhas.
  7305 | D:7      | Reached XP level 9. HP: 24/40 MP: 23/23
  7403 | D:7      | Found a staircase to the Ecumenical Temple.
  8091 | D:8      | Learned a level 2 spell: Blink
  8095 | D:8      | Learned a level 3 spell: Conjure Flame
  8099 | D:8      | Learned a level 3 spell: Mephitic Cloud
  8102 | D:8      | Learned a level 2 spell: Call Imp
  8792 | D:9      | Found a shimmering altar of Xom.
  8901 | D:9      | Found a radiant altar of Vehumet.
  9060 | D:9      | Found Nearoegg's Magic Scroll Shoppe.
  9073 | D:9      | Bought a scroll of noise for 13 gold pieces
  9073 | D:9      | Bought a scroll of brand weapon for 260 gold pieces
  9073 | D:9      | Bought a scroll of random uselessness for 13 gold pieces
  9073 | D:9      | Bought a scroll of vulnerability for 97 gold pieces
  9127 | D:9      | Noticed a troll
  9133 | D:9      | Killed a troll
  9133 | D:9      | Reached skill level 10 in Stealth
  9133 | D:9      | Reached skill level 10 in Spellcasting
  9133 | D:9      | Reached skill level 10 in Hexes
  9402 | D:9      | Reached XP level 10. HP: 45/45 MP: 26/26
  9486 | D:10     | Entered Level 10 of the Dungeon
 10219 | D:11     | Noticed a gargoyle
 10224 | D:11     | Killed a gargoyle
 10282 | D:11     | Noticed a death yak
 10283 | D:11     | Noticed a death yak
 10290 | D:11     | Noticed a death yak
 10293 | D:11     | Reached skill level 1 in Shields
 10339 | D:11     | Found a staircase to the Lair.
 10705 | D:10     | Killed a death yak
 11098 | D:11     | Noticed a gargoyle
 11117 | D:11     | Killed a gargoyle
 11117 | D:11     | Reached skill level 5 in Dodging
 11519 | D:11     | Killed a death yak
 11587 | D:11     | Killed a death yak
 11587 | D:11     | Reached XP level 11. HP: 26/48 MP: 7/27
 11926 | D:12     | Found a staircase to the Orcish Mines.
 12687 | D:12     | Reached skill level 10 in Dodging
 12907 | D:12     | Noticed an eight-headed hydra
 12915 | D:12     | Killed an eight-headed hydra
 13188 | D:12     | Noticed a two-headed ogre
 13191 | D:12     | Killed a two-headed ogre
 13222 | Orc:1    | Entered Level 1 of the Orcish Mines
 13269 | Orc:2    | Entered Level 2 of the Orcish Mines
 13391 | Orc:2    | Noticed an orc sorcerer
 13415 | Orc:2    | Killed an orc sorcerer
 13433 | Orc:2    | Found a staircase to the Elven Halls.
 13667 | Orc:2    | Noticed an orc high priest
 13721 | Orc:2    | Killed an orc high priest
 13725 | Orc:2    | Noticed an orc high priest
 13732 | Orc:2    | Killed an orc high priest
 13810 | Orc:2    | Found a roughly hewn altar of Beogh.
 13902 | Orc:2    | Noticed an orc high priest
 13911 | Orc:2    | Killed an orc high priest
 13920 | Orc:2    | Noticed an orc high priest
 13923 | Orc:2    | Noticed a sun demon
 14063 | Orc:2    | Killed an orc high priest
 14063 | Orc:2    | Reached XP level 12. HP: 54/54 MP: 28/28
 14118 | Orc:2    | Found Porphaeg's Food Shop.
 14118 | Orc:2    | Found Dosuim's Antique Armour Emporium.
 14162 | Orc:2    | Bought a runed hat for 189 gold pieces
 14162 | Orc:2    | Bought a runed robe for 99 gold pieces
 14162 | Orc:2    | Bought a runed robe for 99 gold pieces
 14162 | Orc:2    | Bought a glowing robe for 99 gold pieces
 14247 | Orc:2    | Noticed an orc high priest
 14247 | Orc:2    | Noticed an orc high priest
 14278 | Orc:2    | Killed an orc high priest
 14278 | Orc:2    | Reached skill level 1 in Fighting
 14333 | Orc:2    | Killed an orc high priest
 14368 | Orc:2    | Noticed an orc high priest
 14369 | Orc:2    | Found Juitiuch's Antique Weapon Shop.
 14369 | Orc:2    | Found Vexkoiry's Armour Emporium.
 14369 | Orc:2    | Noticed an orc high priest
 14379 | Orc:2    | Killed an orc high priest
 14398 | Orc:2    | Killed an orc high priest
 14908 | Orc:1    | Noticed an ettin
 14925 | Orc:1    | Killed an ettin
 15253 | Orc:2    | Bought a +2 robe of the Archmagi for 603 gold pieces
 15253 | Orc:2    | Bought a +2 cloak for 264 gold pieces
 15323 | Orc:2    | Bought a faintly glowing ring mail for 243 gold pieces
 15323 | Orc:2    | Bought a brightly glowing ring mail for 243 gold pieces
 15323 | Orc:2    | Bought a faintly glowing chain mail for 256 gold pieces
 15333 | Orc:2    | Identified the +4 ring mail "Waseta Voedd" {Regen+ Int+2}
                  | (You bought it in a shop on level 2 of the Orcish Mines)
 15343 | Orc:2    | Identified the +1 ring mail of Faloz {rF++ rN+++ MP+9
                  | Int-3} (You bought it in a shop on level 2 of the Orcish
                  | Mines)
 15353 | Orc:2    | Identified the +1 chain mail of the Constellations {Dex+4}
                  | (You bought it in a shop on level 2 of the Orcish Mines)
 15519 | D:13     | Noticed a centaur warrior
 15540 | D:13     | Killed a centaur warrior
 15579 | D:13     | Identified the +2 chain mail of Card Tricks {Dex+4}
 16006 | D:13     | Found a gate to the Vaults.
 16006 | D:13     | Noticed a vault guard
 16014 | D:13     | Killed a vault guard
 16027 | D:13     | Identified Myuneuce's Tome of Supportive Sinister Arts
 16087 | D:13     | Learned a level 1 spell: Confusing Touch
 16090 | D:13     | Learned a level 1 spell: Apportation
 16096 | D:13     | Learned a level 5 spell: Borgnjor's Vile Clutch
 16180 | D:13     | Reached XP level 13. HP: 63/63 MP: 31/31
 18224 | D:14     | Found the +9 sword of Zonguldrok {reap}
 18948 | D:15     | Entered Level 15 of the Dungeon
 18958 | D:15     | Reached skill level 1 in Necromancy
 18958 | D:15     | Reached skill level 1 in Earth Magic
 19112 | D:15     | Found a sparkling altar of Nemelex Xobeh.
 19424 | D:15     | Reached skill level 5 in Necromancy
 19428 | D:15     | Reached skill level 5 in Earth Magic
 19729 | D:15     | Found a staircase to the Depths.
 19745 | D:15     | HP: 2/59 [caustic shrike zombie (6)]
 20166 | D:15     | Noticed an ettin
 20172 | D:15     | Noticed a sphinx
 20209 | D:15     | Cast into level 2 of the Abyss (hell knight)
 20249 | Abyss:2  | Noticed a profane servitor
 20368 | Abyss:2  | Reached XP level 14. HP: 68/68 MP: 32/32
 20397 | Abyss:2  | Noticed a tentacled starspawn
 20403 | Abyss:2  | HP: 3/68 [sixfirhy (10)]
 20403 | Abyss:2  | Slain by a sixfirhy

Levels and vault maps discovered:
D:1:      scummos_arrival_gate, layout_basic
D:2:      layout_loops_corners, lightli_temple_of_fire,
          yredelemnul_altar_generic
D:3:      layout_basic, gammafunk_ghost_necromancy, uniq_terence
D:4:      layout_rooms, kennysheep_little_box, ashenzari_altar_1, first_ration
D:5:      layout_basic, serial_bayou, serial_bayou_pond_e, serial_bayou_lake_a,
          serial_bayou_pond_e, serial_bayou_lagoon_a, serial_shops, shop, shop,
          shop_fountains, uniq_edmund, uniq_eustachio, uniq_ijyb
D:6:      layout_loops_ring, basic_altar, serial_park_tiny_2,
          nicolae_gozag_cash_rules_everything_around_me
D:7:      layout_rooms, chequers_temple_overflow_statue_of_worship,
          minmay_temple_entry_wispy, minmay_gold_behind_fungi, uniq_duvessa
D:8:      layout_basic
D:9:      layout_roguey, vehumet_altar_wand_db, xom_teletrap_fun, serial_shops,
          shop_scrolls, grunt_ogre_cave
D:10:     layout_basic, minmay_misc_feat_rows
D:11:     layout_loops_ring, dpeg_lair_monsters
D:12:     layout_loops_corners, david_orc_3
D:13:     layout_irregular_city, david_vaults_5, minmay_dual_archer_statues
D:14:     layout_roguey, nicolae_two_hexagons
D:15:     gammafunk_depths_entry_grave, layout_long_grid, solitary_fountain,
          basic_altar, minmay_diamond_spiral
Orc:1:    layout_diamond_mine
Orc:2:    st_orc_town, layout_caves
Abyss:2:  hangedman_abyss_or_decor_jellyfish_corner

Skill      XL: |  1  2  3  4  5  6  7  8  9 10 11 12 13 |
---------------+----------------------------------------+-----
Stealth        | 4 5 6 7 8 10 12 14 | 14.3
Spellcasting   | 4 5 6 7 8 10 12 | 12.7
Short Blades   | 2 3 4 5 7 8 |  8.0
Hexes          | 5 6 7 8 10 12 | 12.8
Shields        | 4 |  4.1
Dodging        | 7 13 14 | 14.0
Fighting       | 3 4 |  4.6
Necromancy     | 5 |  5.0
Earth Magic    | 5 |  5.1

Action                   |  1- 3 |  4- 6 |  7- 9 | 10-12 | 13-15 || total
-------------------------+-------+-------+-------+-------+-------++-------
Melee: Dagger            |    40 |   131 |   254 |   569 |   243 ||  1237
 Cast: Corona            |     4 |       |       |       |       ||     4
       Ensorcelled Hiber |    20 |    32 |    91 |    71 |    31 ||   245
       Confuse           |     2 |    35 |    37 |   133 |    62 ||   269
       Tukima's Dance    |       |     1 |     4 |     1 |       ||     6
       Dazzling Spray    |       |       |       |    11 |       ||    11
       Conjure Flame     |       |       |       |     4 |     3 ||     7
       Mephitic Cloud    |       |       |       |     1 |       ||     1
       Call Imp          |       |       |       |     1 |       ||     1
       Blink             |       |       |       |     1 |     3 ||     4
       Borgnjor's Vile C |       |       |       |       |     6 ||     6
       Confusing Touch   |       |       |       |       |     3 ||     3
Invok: Potion Petition   |       |       |       |       |     2 ||     2
  Use: Scroll            |       |     4 |    16 |     5 |     4 ||    29
       Potion            |       |     1 |     2 |     1 |     1 ||     5
 Stab: Sleeping          |    17 |    19 |    80 |    74 |    37 ||   227
       Confused          |     2 |    20 |    32 |    75 |    30 ||   159
       Distracted        |       |       |     1 |     2 |     1 ||     4
       Invisible         |       |       |       |     1 |     9 ||    10
  Eat: Chunk             |     1 |     8 |     2 |       |       ||    11
       Ration            |       |       |     6 |     6 |     6 ||    18
Armor: Robe              |    14 |    41 |    79 |    81 |    34 ||   249
Dodge: Dodged            |    25 |    96 |   116 |   278 |   158 ||   673
Block: Buckler           |       |       |       |    71 |    47 ||   118

Table legend:
 A = Non-vault XP
 B = Vault XP
 C = Vault XP percentage of total XP
 D = Non-vault monster count
 E = Vault monster count
 F = Vault count percentage of total count
                 A         B        C        D         E       F
            +---------+---------+-------+---------+---------+-------
      Total |   42945 |   22535 |  34.4 |     392 |     100 |  20.3
            +---------+---------+-------+---------+---------+-------
        D:1 |      25 |       0 |   0.0 |      13 |       0 |   0.0
        D:2 |      44 |       0 |   0.0 |      21 |       0 |   0.0
        D:3 |     247 |     162 |  39.6 |      35 |       4 |  10.3
        D:4 |     255 |       0 |   0.0 |      17 |       0 |   0.0
        D:5 |     527 |     393 |  42.7 |      12 |       3 |  20.0
        D:6 |      43 |       0 |   0.0 |       4 |       0 |   0.0
        D:7 |     891 |     218 |  19.7 |      22 |       2 |   8.3
        D:8 |    1408 |       0 |   0.0 |      35 |       0 |   0.0
        D:9 |    1341 |     117 |   8.0 |      18 |       2 |  10.0
       D:10 |     820 |     900 |  52.3 |      10 |       1 |   9.1
       D:11 |    2352 |    2057 |  46.7 |      31 |      11 |  26.2
       D:12 |    4806 |     294 |   5.8 |      32 |       7 |  17.9
       D:13 |    8828 |    3511 |  28.5 |      51 |       6 |  10.5
       D:14 |    5118 |       0 |   0.0 |      20 |       0 |   0.0
       D:15 |    9429 |    6984 |  42.6 |      27 |       9 |  25.0
      Orc:1 |    2057 |     202 |   8.9 |      19 |       2 |   9.5
      Orc:2 |    2408 |    7697 |  76.2 |      20 |      53 |  72.6
    Abyss:2 |    2346 |       0 |   0.0 |       5 |       0 |   0.0
            +---------+---------+-------+---------+---------+-------
